 Dungeon Crawl Stone Soup version 0.17-a0-2101-g0c122e7 (webtiles) character file.

35 kosy22 the Caller (level 3, -3/19 HPs)
             Began as a Tengu Summoner on Oct 18, 2015.
             Slain by a scorpion (8 damage)
             ... on level 4 of the Dungeon.
             The game lasted 00:14:46 (3001 turns).

kosy22 the Caller (Tengu Summoner)                  Turns: 3001, Time: 00:14:47

Health: -3/19      AC:  2    Str:  9    XL:     3   Next: 33%
Magic:  0/8        EV: 13    Int: 15    God:
Gold:   122        SH:  0    Dex: 14    Spells: 2 memorised, 3 levels left

rFire  + . .     SeeInvis .     (no weapon)
rCold  . . .     Clarity  .     a - +0 robe
rNeg   . . .     SustAt   .     (no shield)
rPois  .         Gourm    .     (helmet restricted)
rElec  .         Spirit   .     (no cloak)
rCorr  .         Warding  .     (no gloves)
rMut   .         Stasis   .     (boots unavailable)
MR     .....                    (no amulet)
Stlth  ++........               (no ring)
                                l - ring of protection from fire

@: very slightly contaminated, not resistant to hostile enchantments, unstealthy
A: beak, talons 3
a: no special abilities


You were on level 4 of the Dungeon.
You were not hungry.

You visited 1 branch of the dungeon, and saw 4 of its levels.

You collected 122 gold pieces.

Inventory:

Armour
 a - a +0 robe (worn)
 e - a +0 ring mail
Jewellery
 l - a ring of protection from fire (left hand)
Scrolls
 d - 3 scrolls of teleportation
 f - a scroll of identify
 m - 2 scrolls of remove curse
 o - a scroll of magic mapping
Potions
 g - a potion of curing {unknown}
 h - a potion of haste {unknown}
 j - 3 potions of heal wounds {unknown}
 n - a potion of invisibility {unknown}
 p - a potion of might {unknown}
 q - a potion of lignification {unknown}
Books
 b - a book of Callings

   Spells                             Type                      Level
   a - Summon Small Mammal            Summoning                    1
   b - Call Imp                       Summoning                    2
   c - Call Canine Familiar           Summoning                    3
   d - Summon Guardian Golem          Hexes/Summoning              3
   e - Summon Lightning Spire         Summoning/Air                4
   f - Summon Ice Beast               Ice/Summoning                4
Comestibles
 c - a bread ration
 i - 2 beef jerkies
 k - 2 meat rations


   Skills:
 + Level 2.5 Dodging
 + Level 2.1 Stealth
 + Level 2.6 Spellcasting
 + Level 0.1 Hexes
 + Level 5.2 Summonings


You had 3 spell levels left.
You knew the following spells:

 Your Spells              Type           Power        Failure   Level  Hunger
a - Summon Small Mammal   Summ           ###.         2%          1    #......
b - Summon Guardian Gole  Hex/Summ       ##......     24%         3    ###....


Dungeon Overview and Level Annotations

Branches:
Dungeon (4/15)
 Temple: D:4-7

Altars:
Qazlal


Innate Abilities, Weirdness & Mutations

You have a beak for a mouth.
You have claws for feet.


Message History

Casting: Summon Small Mammal
Confirm with . or Enter, or press ? or * to list all spells.
The iguana misses your bat.
Casting: Summon Small Mammal
Confirm with . or Enter, or press ? or * to list all spells.
Your bat hits the iguana but does no damage.
Casting: Summon Small Mammal
Confirm with . or Enter, or press ? or * to list all spells.
You miscast Summon Small Mammal.
You are very lightly contaminated with residual magic.
Nothing appears to happen.
Your bat hits the iguana but does no damage.
Your bat hits the giant frog skeleton.
Your bat hits the iguana but does no damage.
Casting: Summon Small Mammal
Confirm with . or Enter, or press ? or * to list all spells.
Your bat hits the giant frog skeleton.
Your bat hits the iguana but does no damage.
The scorpion stings you!
You die...

# # #####.##.
####.##brb.....
.....)l@.Z.#
####.##s##...# #.# ##
############# #.#
....sZ8br...# #.#
<...#######8# #.# ....#
#.# #.#######
§...#######.####........
..........>.s.§..#######


You could see a scorpion, an iguana, a giant frog skeleton, a friendly quokka
and 2 friendly bats.

Vanquished Creatures
  A goblin (D:2)
1 creature vanquished.

Vanquished Creatures (collateral kills)
  An adder (D:2)
  A worm (D:3)
  2 orcs (D:3)
  A ball python (D:1)
  3 bats
  6 giant cockroaches
  5 hobgoblins
  2 jackals (D:2)
  3 giant newts
  5 goblins
  4 kobolds
  2 quokkas
  5 rats
40 creatures vanquished.

Grand Total: 41 creatures vanquished

Notes
Turn   | Place    | Note
--------------------------------------------------------------
     0 | D:1      | kosy22 the Tengu Summoner began the quest for the Orb.
     0 | D:1      | Reached XP level 1. HP: 10/10 MP: 4/4
   602 | D:1      | Reached XP level 2. HP: 15/15 MP: 1/6
  1252 | D:2      | Reached skill level 5 in Summonings
  1908 | D:2      | Reached XP level 3. HP: 13/19 MP: 4/7
  2368 | D:3      | Learned a level 3 spell: Summon Guardian Golem
  2690 | D:3      | Found a stormy altar of Qazlal.
  2916 | D:4      | Noticed a scorpion
  3001 | D:4      | Slain by a scorpion

Vault maps used:
D:1:      lemuel_arrival_broad_hall
D:2:      grunt_dithmenos_smoke, first_bread, kennysheep_generic_room_13
D:3:      hangedman_decor_opposing, serial_bayou_pond_e,
          nicolae_qazlal_general_emergency
D:4:      lemuel_coloured_pillars_altar, overflow_temple_1_default

Action                   || total
-------------------------++-------
Melee: Unarmed           ||    27
 Cast: Summon Small Mamm ||    99
       Summon Guardian G ||     6
  Use: Scroll            ||     6
 Stab: Sleeping          ||     1
  Eat: Bread ration      ||     2
